General information
- name: BNet
- type: Ladder team game (AT/RT)
- host: Battle.net
- saver: BeatIt
map: GolemsInTheMist_LV
- players: 8
- length: 23:19
- speed: Fast
- version: 1.29 W3XP
- replay type: Public
» download(244 KB)
Players
team 1 (loser)

»
nineup (
yellow | 77 APM | 1768 actions | 23:02)
5 Death Knight
3 Death Coil
2 Unholy Aura
2 Lich
1 Frost Nova
1 Frost Armor
» actions
| Assign group hotkey | 38 | |
| Basic commands | 159 | |
| Build / train | 68 | |
| ESC pressed | 8 | |
| Enter build submenu | 16 | |
| Enter hero's abilities submenu | 7 | |
| Give item / drop item | 2 | |
| Right click | 843 | |
| Select / deselect | 351 | |
| Select group hotkey | 214 | |
| Use ability | 62 | |
1768 total
» units
| Acolyte | 6 | |
| Ghoul | 8 | |
| Crypt Fiend | 20 | |
| Frost Wyrm | 10 | |
44 total
» upgrades
| Burrow | 1 | |
| Web | 1 | |
| Creature Attack | 1 | |
3 total
» buildings
| Graveyard | 1 | |
| Crypt | 1 | |
| Ziggurat | 6 | |
| Altar of Darkness | 1 | |
| Tomb of Relics | 1 | |
| Halls of the Dead | 1 | |
| Black Citadel | 1 | |
| Sacrificial Pit | 1 | |
| Boneyard | 2 | |
| Spirit Tower | 2 | |
17 total
» build order
00:06 Graveyard
00:11 Crypt
00:28 Ziggurat
00:48 Altar of Darkness
01:28 Ziggurat
01:44 Tomb of Relics
03:01 Ziggurat
04:32 Halls of the Dead
06:41 Ziggurat
08:24 Black Citadel
11:09 Sacrificial Pit
12:04 Boneyard
12:11 Boneyard
16:44 Ziggurat
16:45 Ziggurat
21:39 Spirit Tower
22:00 Spirit Tower
» items
| Rod of Necromancy | 2 | |
| Scroll of Town Portal | 2 | |
| Potion of Healing | 2 | |
| Lesser Clarity Potion | 1 | |
7 total
astronautben (
green | 58 APM | 1320 actions | 22:56)
5 Demon Hunter
3 Mana Burn
2 Evasion
» actions
| Assign group hotkey | 29 | |
| Basic commands | 15 | |
| Build / train | 65 | |
| ESC pressed | 2 | |
| Enter build submenu | 19 | |
| Enter hero's abilities submenu | 5 | |
| Give item / drop item | 2 | |
| Remove unit from queue | 1 | |
| Right click | 716 | |
| Select / deselect | 317 | |
| Select group hotkey | 80 | |
| Use ability | 69 | |
1320 total
» units
| Wisp | 21 | |
| Archer | 14 | |
| Hippogryph | 10 | |
45 total
» upgrades
| Improved Bows | 1 | |
| Strength of the Moon | 2 | |
| Moon Armor | 1 | |
| Hippogryph Taming | 1 | |
5 total
» buildings
| Altar of Elders | 1 | |
| Moon Well | 7 | |
| Ancient of War | 2 | |
| Hunter's Hall | 1 | |
| Tree of Ages | 1 | |
| Ancient of Wind | 2 | |
| Ancient of Wonders | 1 | |
| Ancient Protector | 3 | |
| Tree of Eternity | 1 | |
| Tree of Life | 3 | |
22 total
» build order
00:16 Altar of Elders
00:18 Moon Well
01:31 Ancient of War
01:32 Ancient of War
01:42 Moon Well
02:26 Hunter's Hall
04:41 Tree of Ages
06:49 Moon Well
06:51 Moon Well
07:15 Ancient of Wind
07:16 Ancient of Wind
07:33 Moon Well
07:33 Moon Well
08:45 Ancient of Wonders
11:50 Ancient Protector
11:51 Ancient Protector
14:04 Tree of Eternity
14:15 Tree of Life
14:18 Ancient Protector
17:01 Tree of Life
18:15 Moon Well
22:25 Tree of Life
» items
| Scroll of Town Portal | 2 | |
| Anti-magic Potion | 1 | |
| Potion of Healing | 1 | |
| Orb of Venom | 1 | |
| Moonstone | 1 | |
6 total
Vintz (
red | 30 APM | 699 actions | 23:09)
4 Archmage
2 Summon Water Elemental
2 Brilliance Aura
» actions
| Assign group hotkey | 7 | |
| Basic commands | 37 | |
| Build / train | 37 | |
| Enter build submenu | 9 | |
| Enter hero's abilities submenu | 4 | |
| Right click | 363 | |
| Select / deselect | 151 | |
| Select group hotkey | 50 | |
| Use ability | 41 | |
699 total
» units
» buildings
| Barracks | 2 | |
| Altar of Kings | 1 | |
| Farm | 5 | |
| Arcane Vault | 1 | |
9 total
» build order
00:21 Barracks
00:26 Altar of Kings
00:32 Farm
01:01 Farm
01:49 Farm
02:23 Arcane Vault
02:30 Farm
03:03 Barracks
03:27 Farm
» items
| Lesser Clarity Potion | 3 | |
| Scroll of Regeneration | 1 | |
4 total

»
GeneralWalrus (
teal | 84 APM | 1950 actions | 23:18)
6 Warden
3 Shadow Strike
2 Blink
1 Spirit of Vengeance
2 Keeper of the Grove
1 Entangling Roots
1 Thorns Aura
» actions
| Assign group hotkey | 16 | |
| Basic commands | 3 | |
| Build / train | 72 | |
| Enter build submenu | 14 | |
| Enter hero's abilities submenu | 8 | |
| Right click | 1341 | |
| Select / deselect | 366 | |
| Select group hotkey | 12 | |
| Use ability | 118 | |
1950 total
» units
| Wisp | 20 | |
| Archer | 4 | |
| Huntress | 3 | |
| Dryad | 5 | |
| Druid of the Claw | 8 | |
40 total
» upgrades
| Druid of the Claw Training | 2 | |
| Abolish Magic | 1 | |
| Strength of the Wild | 2 | |
| Reinforced Hides | 1 | |
| Mark of the Claw | 1 | |
7 total
» buildings
| Altar of Elders | 1 | |
| Moon Well | 5 | |
| Ancient of War | 1 | |
| Tree of Ages | 2 | |
| Tree of Life | 2 | |
| Hunter's Hall | 1 | |
| Ancient of Lore | 2 | |
| Tree of Eternity | 1 | |
| Ancient of Wonders | 1 | |
16 total
» build order
00:09 Altar of Elders
00:18 Moon Well
00:34 Ancient of War
01:31 Moon Well
02:30 Tree of Ages
03:40 Tree of Life
04:40 Moon Well
05:35 Hunter's Hall
06:46 Ancient of Lore
06:48 Ancient of Lore
07:39 Moon Well
07:41 Tree of Eternity
07:57 Ancient of Wonders
10:59 Moon Well
11:19 Tree of Life
17:49 Tree of Ages
» items
| Scroll of Regeneration | 1 | |
| Lesser Clarity Potion | 1 | |
| Moonstone | 3 | |
| Potion of Healing | 3 | |
| Scroll of Town Portal | 1 | |
| Potion of Mana | 1 | |
10 total
team 2 (winner)
XxHellfuryxX (
orange | 57 APM | 1326 actions | 23:18)
6 Far Seer
3 Feral Spirit
2 Chain Lighting
1 Earth Quake
4 Shadow Hunter
2 Hex
2 Healing Wave
» actions
| Basic commands | 200 | |
| Build / train | 86 | |
| Enter build submenu | 18 | |
| Enter hero's abilities submenu | 11 | |
| Right click | 503 | |
| Select / deselect | 407 | |
| Use ability | 101 | |
1326 total
» units
| Peon | 11 | |
| Grunt | 11 | |
| Shaman | 7 | |
| Forest Troll Shadow Priest | 1 | |
| Forest Troll Berserker | 1 | |
| Troll Headhunter/Berserker | 2 | |
| Wind Rider | 6 | |
| Troll Batrider | 10 | |
49 total
» upgrades
| Pillage | 1 | |
| Shaman Training | 2 | |
| Armor | 1 | |
| Reinforced Defenses | 1 | |
| Envenomed Spears | 1 | |
| Ranged Weapons | 2 | |
8 total
» buildings
| Altar of Storms | 1 | |
| Orc Burrow | 7 | |
| Barracks | 1 | |
| Voodoo Lounge | 1 | |
| Stronghold | 1 | |
| War Mill | 1 | |
| Spirit Lodge | 1 | |
| Fortress | 2 | |
| Beastiary | 2 | |
| Watch Tower | 1 | |
| Great Hall | 2 | |
20 total
» build order
00:09 Altar of Storms
00:18 Orc Burrow
00:49 Barracks
01:29 Orc Burrow
01:42 Voodoo Lounge
02:33 Orc Burrow
04:29 Stronghold
04:32 Orc Burrow
06:35 Orc Burrow
06:38 War Mill
07:17 Spirit Lodge
09:08 Fortress
09:08 Fortress
11:35 Beastiary
12:27 Beastiary
14:44 Watch Tower
18:53 Great Hall
19:42 Great Hall
21:43 Orc Burrow
21:45 Orc Burrow
» items
| Healing Salve | 2 | |
| Scroll of Speed | 2 | |
| Lesser Clarity Potion | 1 | |
| Scroll of Town Portal | 2 | |
7 total

»
gallihand (
purple | 62 APM | 1447 actions | 23:18)
6 Demon Hunter
2 Evasion
3 Mana Burn
1 Metamorphosis
5 Priestess of the Moon
2 Searing Arrows
3 Trueshot Aura
» actions
| Assign group hotkey | 36 | |
| Basic commands | 171 | |
| Build / train | 69 | |
| ESC pressed | 1 | |
| Enter build submenu | 22 | |
| Enter hero's abilities submenu | 11 | |
| Give item / drop item | 2 | |
| Right click | 437 | |
| Select / deselect | 252 | |
| Select group hotkey | 405 | |
| Use ability | 41 | |
1447 total
» units
| Wisp | 13 | |
| Huntress | 9 | |
| Hippogryph | 17 | |
| Chimaera | 6 | |
45 total
» upgrades
| Strength of the Wild | 2 | |
| Reinforced Hides | 2 | |
| Corrosive Breath | 1 | |
5 total
» buildings
| Altar of Elders | 1 | |
| Moon Well | 6 | |
| Hunter's Hall | 1 | |
| Ancient of War | 1 | |
| Tree of Ages | 1 | |
| Ancient of Wonders | 1 | |
| Tree of Eternity | 1 | |
| Ancient of Wind | 1 | |
| Chimaera Roost | 2 | |
| Tree of Life | 3 | |
18 total
» build order
00:17 Altar of Elders
00:22 Moon Well
01:40 Hunter's Hall
01:54 Ancient of War
02:25 Moon Well
03:49 Tree of Ages
03:56 Ancient of Wonders
04:00 Moon Well
05:02 Moon Well
08:06 Tree of Eternity
08:09 Ancient of Wind
10:51 Chimaera Roost
10:52 Chimaera Roost
11:54 Moon Well
11:55 Moon Well
12:53 Tree of Life
19:11 Tree of Life
19:40 Tree of Life
» items
| Scroll of Town Portal | 2 | |
| Potion of Healing | 1 | |
3 total
headbandkush (
pink | 34 APM | 787 actions | 23:18)
4 Blademaster
2 Wind Walk
2 Critical Strike
» actions
| Build / train | 59 | |
| Enter build submenu | 28 | |
| Enter hero's abilities submenu | 4 | |
| Give item / drop item | 1 | |
| Remove unit from queue | 5 | |
| Right click | 399 | |
| Select / deselect | 234 | |
| Use ability | 57 | |
787 total
» units
| Peon | 15 | |
| Grunt | 14 | |
| Troll Witch Doctor | 3 | |
32 total
» upgrades
| Melee Weapons | 2 | |
| Armor | 1 | |
| Berserker Upgrade | 0 | |
| Witch Doctor Training | 2 | |
| Berserker Strength | 1 | |
| Shaman Training | 0 | |
| Spiked Barricades | 1 | |
| Reinforced Defenses | 1 | |
8 total
» buildings
| Altar of Storms | 1 | |
| Orc Burrow | 8 | |
| Barracks | 1 | |
| Voodoo Lounge | 1 | |
| War Mill | 1 | |
| Stronghold | 1 | |
| Fortress | 1 | |
| Spirit Lodge | 1 | |
| Watch Tower | 6 | |
21 total
» build order
00:11 Altar of Storms
00:13 Orc Burrow
00:41 Barracks
01:30 Orc Burrow
02:04 Voodoo Lounge
03:05 War Mill
03:56 Orc Burrow
04:51 Stronghold
08:04 Fortress
08:08 Spirit Lodge
13:07 Orc Burrow
13:12 Orc Burrow
13:18 Orc Burrow
18:10 Orc Burrow
18:12 Orc Burrow
18:16 Watch Tower
18:20 Watch Tower
18:24 Watch Tower
19:17 Watch Tower
21:45 Watch Tower
22:26 Watch Tower
» items
| Healing Salve | 1 | |
| Scroll of Town Portal | 1 | |
| Potion of Healing | 2 | |
| Potion of Mana | 1 | |
5 total
BeatIt (
blue | 63 APM | 1470 actions | 23:19)
7 Paladin
3 Holy Light
1 Devotion Aura
2 Divine Shield
1 Resurrection
» actions
| Assign group hotkey | 58 | |
| Basic commands | 76 | |
| Build / train | 78 | |
| Enter build submenu | 24 | |
| Enter hero's abilities submenu | 8 | |
| Give item / drop item | 2 | |
| Remove unit from queue | 3 | |
| Right click | 615 | |
| Select / deselect | 349 | |
| Select group hotkey | 178 | |
| Use ability | 79 | |
1470 total
» units
| Peasant | 15 | |
| Footman | 12 | |
| Knight | 9 | |
| Priest | 6 | |
42 total
» upgrades
| Defend | 1 | |
| Swords | 3 | |
| Plating | 3 | |
| Animal War Training | 1 | |
| Masonry | 3 | |
| Priest Training | 2 | |
| Lumber Harvesting | 1 | |
14 total
» buildings
| Altar of Kings | 1 | |
| Barracks | 2 | |
| Farm | 12 | |
| Keep | 1 | |
| Blacksmith | 1 | |
| Lumber Mill | 1 | |
| Castle | 1 | |
| Arcane Sanctum | 1 | |
| Arcane Vault | 1 | |
| Town Hall | 3 | |
24 total
» build order
00:59 Altar of Kings
01:02 Barracks
01:05 Farm
01:06 Farm
01:07 Farm
01:19 Barracks
02:25 Farm
02:33 Farm
04:17 Farm
04:18 Farm
04:40 Keep
06:09 Blacksmith
06:12 Lumber Mill
07:07 Castle
09:36 Farm
10:22 Arcane Sanctum
11:24 Arcane Vault
11:52 Town Hall
18:57 Farm
18:57 Farm
18:57 Farm
19:32 Farm
22:16 Town Hall
22:20 Town Hall
» items
| Scroll of Town Portal | 2 | |
| Orb of Lightning | 1 | |
| Scroll of Regeneration | 1 | |
| Potion of Mana | 2 | |
| Lesser Clarity Potion | 1 | |
| Potion of Healing | 1 | |
| Staff of Sanctuary | 1 | |
9 total
Chat log
(00:12 / Allies) XxHellfuryxX: rush it
(00:26 / Allies) headbandkush: u guys wanna rush
(00:29 / Allies) BeatIt: okay, I mass foots
(00:33 / Allies) XxHellfuryxX: good rush races
(00:46 / Allies) headbandkush: they nerf peons
(00:59 / Allies) XxHellfuryxX: how so
(01:08 / Allies) headbandkush: they slow af now
(01:21 / Allies) XxHellfuryxX: not if they are lusted
(02:00 / Allies) XxHellfuryxX: wide open
(02:09 / Allies) gallihand: fast expo
(03:23 / Allies) XxHellfuryxX: lets go
(04:07 / Allies) XxHellfuryxX: come
(05:13 / Allies) BeatIt: cummin buds
(05:15 / Allies) BeatIt: IM CUMMIN
(07:47 / Allies) headbandkush: lol
(08:27 / All) headbandkush: gg
(10:39 / Allies) BeatIt: need aa
(11:03 / Allies) BeatIt: need aa
(11:04 / Allies) BeatIt: anyone have?
(11:10 / Allies) gallihand: building
(11:12 / Allies) XxHellfuryxX: ..
(11:13 / Allies) XxHellfuryxX: get air
(11:15 / Allies) XxHellfuryxX: purp
(11:16 / Allies) gallihand: working on chims too
(11:59 / Allies) XxHellfuryxX: use goild
(12:15 / Allies) XxHellfuryxX: .
(12:16 / Allies) XxHellfuryxX: wtf
(12:19 / Allies) BeatIt: aa please
(14:23 / Allies) BeatIt: let's hit teal
(14:33 / Allies) XxHellfuryxX: meet
(14:35 / Allies) BeatIt: I have gloves for you bm
(14:52 / Allies) BeatIt: get gold
(15:10 / Allies) BeatIt: run to me orange
(15:37 / Allies) XxHellfuryxX: hit eal
(15:37 / Allies) XxHellfuryxX: now
(15:45 / Allies) BeatIt: need bats
(15:47 / Allies) BeatIt: lots of bats
(17:18 / Allies) BeatIt: we need tons of aa
(18:09 / Allies) BeatIt: get towers pink
(18:13 / Allies) BeatIt: and upgrade em plez
(18:38 / Allies) BeatIt: anyone want gloves of haste?
(18:41 / Allies) BeatIt: potm
(18:44 / Allies) gallihand: sure
(19:15 / Allies) gallihand: tome
(19:29 / Allies) XxHellfuryxX: dude..
(19:31 / Allies) XxHellfuryxX: i needed that expo..
(19:33 / Allies) XxHellfuryxX: you have one
(19:43 / Allies) BeatIt: need gold?
(20:01 / Allies) BeatIt: coming
(20:15 / Allies) BeatIt: need aa
(20:22 / Allies) BeatIt: help?
(20:31 / Allies) BeatIt: wtf guys
(20:40 / Allies) BeatIt: HELP
(20:45 / Allies) XxHellfuryxX: tp out
(20:50 / Allies) BeatIt: wtf why
(20:56 / Allies) XxHellfuryxX: cant beat that
(21:02 / Allies) BeatIt: god you guys are dumb
(21:11 / Allies) headbandkush: gg
(21:13 / Allies) BeatIt: now I can't make units wtf
(21:17 / Allies) XxHellfuryxX: pink has done nothing
(21:29 / Allies) BeatIt: man I never be a team player agian
(21:31 / Allies) gallihand: not worth slowly losing units vs killing both their bases
(21:50 / Allies) BeatIt: wood
(21:57 / Allies) BeatIt: yeah but if they tp to yellow
(22:00 / Allies) BeatIt: and kill you
(22:05 / Allies) BeatIt: I can't rebuild, it's 2v2
(22:39 / Allies) gallihand: knight
(22:42 / Allies) BeatIt: I lost a lot thinking someone would have lmao god
(22:59 / All) nineup: gg
(23:00 / All) XxHellfuryxX: fuck you guys
(23:07 / All) headbandkush: gg